Map: 2000 Atmospheres LE

Players

Lambo - Winner!

  • Race: Zerg Zerg
  • League: Grandmaster

SortOf

  • Race: Zerg Zerg
  • League: Master

Event: DreamHack SC2 Masters 2021 Summer

VOD

Have the link to the VOD?

Description

Time

  • Played on: May 20, 2021, 11:17 a.m.
  • Length: 6:38

All games in this series

Show
View Real Time Build Order
Export as new Build Order

Lambo Zerg - Winner!

Build Orders: Hatch First, Zergling Baneling 

Get SALT Encoding   

  12  0:00  Drone  
  13  0:12  Overlord  
  13  0:16  Drone  
  14  0:30  Drone x2  
  16  0:47  Hatchery  
  15  0:50  Drone  
  15  0:54  Drone  
  17  0:57  Drone  
  18  1:08  Extractor  
  17  1:12  Spawning Pool  
  17  1:15  Drone  
  17  1:18  Drone  
  18  1:27  Drone  
  19  1:38  Drone  
  20  1:48  Drone  
  21  1:59  Queen x2  
  21  2:00  Zergling x2, Overlord  
  26  2:07  Metabolic Boost  
  26  2:10  Drone x2  
  28  2:21  Drone  
  28  2:22  Zergling x2  
  30  2:31  Drone  
  30  2:32  Drone  
  30  2:36  Hatchery  
  31  2:43  Drone  
  32  2:46  Baneling Nest  
  32  2:50  Overlord  
  31  2:57  Drone x2  
  33  3:08  Zergling x12  
  33  3:12  Zergling x4  
  41  3:18  Overlord  
  41  3:23  Overlord  
  41  3:30  Baneling x2  
  41  3:32  Zergling x2  
  44  3:40  Baneling x3  
  42  3:41  Baneling  
  42  3:42  Drone x2  
  42  3:43  Drone x3  
  42  3:44  Zergling x2  
  42  3:45  Drone  
  42  3:46  Drone  
  50  3:50  Drone  
  50  3:55  Drone x2  
  49  4:11  Roach Warren  
  49  4:12  Extractor  
  49  4:13  Drone x2, Baneling x2  
  48  4:19  Zergling x12, Evolution Chamber  
  53  4:26  Overlord  
  53  4:36  Zergling x4  
  53  4:38  Baneling x3  
  55  4:39  Queen  
  53  4:56  Drone x2  
  53  4:58  Overlord  
  55  5:04  Overlord  
  55  5:05  Roach x5  
  64  5:09  Roach x3  
  70  5:16  Roach  
  70  5:17  Overlord  
  74  5:21  Roach  
  74  5:24  Zergling x6  
  76  5:28  Zergling x4  
  76  5:36  Zergling x8  
  76  5:41  Zergling x2  
  76  5:42  Zergling x2  
  81  5:43  Zergling x2  
  81  5:49  Zergling x4  
  82  5:56  Zergling x8  
  85  6:00  Baneling x8  
  85  6:05  Drone x7  
  88  6:11  Drone x2  
  86  6:21  Drone x3  
  78  6:31  Extractor  
Show
View Real Time Build Order
Export as new Build Order

SortOf Zerg 

Build Orders: Hatch First 

Get SALT Encoding   

  12  0:00  Drone  
  13  0:12  Overlord  
  13  0:16  Drone  
  14  0:30  Drone x2  
  16  0:48  Hatchery  
  15  0:51  Drone  
  15  0:55  Drone  
  17  0:58  Drone  
  18  1:10  Extractor  
  17  1:13  Spawning Pool  
  17  1:15  Drone  
  17  1:19  Drone  
  18  1:29  Drone  
  19  1:38  Drone  
  20  1:50  Drone  
  21  2:00  Queen x2  
  21  2:01  Overlord  
  25  2:02  Zergling x2  
  26  2:10  Drone  
  26  2:11  Drone  
  26  2:13  Metabolic Boost  
  28  2:21  Drone  
  28  2:22  Drone  
  30  2:33  Hatchery  
  30  2:36  Zergling x2  
  30  2:39  Drone  
  31  2:44  Drone  
  31  2:47  Baneling Nest  
  31  2:51  Overlord  
  31  2:59  Zergling x2  
  31  3:02  Drone  
  31  3:05  Drone x2  
  35  3:09  Drone  
  35  3:10  Drone x3  
  39  3:17  Overlord  
  39  3:18  Drone  
  39  3:19  Drone  
  41  3:25  Queen  
  43  3:28  Drone  
  43  3:33  Baneling x2  
  44  3:36  Zergling x2  
  44  3:37  Zergling x2  
  46  3:41  Evolution Chamber  
  46  3:42  Zergling x4  
  46  3:47  Zergling x6  
  50  3:50  Baneling  
  50  3:56  Zergling x8  
  50  3:59  Baneling x2  
  52  4:08  Zergling x4  
  52  4:09  Zergling x2  
  53  4:13  Zergling x2  
  53  4:17  Drone x4  
  53  4:18  Lair  
  53  4:22  Overlord  
  56  4:24  Drone  
  56  4:31  Overlord  
  57  4:33  Overlord  
  57  4:36  Extractor  
  57  4:37  Extractor  
  55  4:40  Drone x2  
  55  4:42  Roach Warren  
  55  4:43  Drone  
  56  4:45  Baneling  
  52  4:53  Drone x5  
  52  4:55  Drone  
  56  5:02  Drone x6  
  56  5:06  Drone  
  62  5:10  Zergling x2  
  62  5:11  Zergling x2  
  62  5:19  Overseer  
  62  5:21  Zergling x2  
  62  5:25  Zergling x8  
  62  5:26  Zergling x2  
  66  5:33  Roach  
  66  5:35  Roach  
  63  5:41  Roach x5  
  67  5:48  Roach  
  66  5:51  Roach x2  
  66  5:53  Roach  
  66  5:54  Roach  
  74  5:57  Overlord  
  74  6:00  Overlord  
  74  6:04  Overlord  
  74  6:11  Overlord  
  74  6:12  Overlord  
  74  6:14  Roach  
  74  6:18  Roach  
Tags
 
Add a new tag
Caveats
  • Supply blocks, unpowered buildings, or Contaminate may cause inaccurate times.
  • Supply counts are checked every 10 seconds.